 Dungeon Crawl Stone Soup version 0.26-a0-1191-ge2a0e31ab3 (webtiles) character file.

Game seed: 14602461188408647743

215356 runemasterragnar the Victor of a Thousand Battles (level 18, -9/169 HPs)
             Began as a Palentonga Monk on Dec 28, 2020.
             Was the Champion of Okawaru.
             Killed by divine providence
             ... invoked by a smoke demon
             ... summoned by a deep elf demonologist
             ... led by an ironheart preserver
              (11 damage)
             ... on level 2 of the Vaults on Dec 29, 2020.
             The game lasted 01:39:39 (44677 turns).

runemasterragnar (PaMo)                            Turns: 44677, Time: 01:39:40

Health: -9/169     AC: 38    Str: 19    XL:     18   Next: 32%
Magic:  28/28      EV: 11    Int: 13    God:    Okawaru [******]
Gold:   3708       SH:  0    Dex: 22    Spells: 17/17 levels left

rFire    + + .     SeeInvis +   s - +5 great sword (freeze)
rCold    . . .     Faith    +   (shield currently unavailable)
rNeg     . . .     Spirit   .   D - +5 chain mail of Space {Rampage Regen+ rCorr SInv}
rPois    .         Reflect  .   y - +1 hat {SInv}
rElec    .         Harm     .   K - +0 cloak "Orheca" {Rampage rF+ Dex+3}
rCorr    +         Rampage  +   b - +1 pair of gloves {archery}
Will     ++...                  I - +4 barding "Gynim" {*Drain Regen+ Dex+5}
Stlth    ..........             G - amulet of faith
HPRegen  1.18/turn              t - ring of protection from fire
MPRegen  0.21/turn              o - ring of willpower

@: curled up
A: large, horns 1, stinger 1, rugged brown scales 3, see invisible, clever 1,
clumsy 1, deformed body, mutation resistance 1, sense surroundings 1, roll 1,
armoured tail, reflexive curl
}: 1/15 runes: serpentine
a: Rolling Charge, Renounce Religion, Heroism, Finesse


You were on level 2 of the Vaults.
You worshipped Okawaru.
Okawaru was exalted by your worship.
You visited 7 branches of the dungeon, and saw 32 of its levels.
You also visited: Trove, Bailey and Ice Cave.

You collected 3708 gold pieces.

Inventory:

Hand Weapons
 s - a +5 great sword of freezing (weapon)
 A - the +6 rapier of Peril {freeze, +Inv rElec}
   (You found it on level 7 of the Dungeon)

   It has been specially enchanted to freeze those struck by it, causing extra
   injury to most foes and up to half again as much damage against particularly
   susceptible opponents.
   It can also slow down cold-blooded creatures.
   It insulates you from electricity.
   It lets you turn invisible.
 E - the +7 quick blade "Zyaliqud" {pain, Dex+4}
   (Okawaru gifted it to you on level 3 of the Snake Pit)

   In the hands of one skilled in necromantic magic, it inflicts extra damage on
   living creatures.
   It affects your dexterity (+4).
Missiles
 f - 2 javelins
 n - 18 poisoned darts (quivered)
Armour
 b - a +1 pair of gloves of archery (worn)
 g - a +1 plate armour of positive energy
 y - a +1 hat of see invisible (worn)
 D - the +5 chain mail of Space (worn) {Rampage Regen+ rCorr SInv}
   (You found it in a treasure trove)

   It lets you see invisible.
   It increases your rate of regeneration.
   It provides partial protection from all sources of acid and corrosion.
   It bestows one free step when moving towards enemies.
 I - the +4 barding "Gynim" (worn) {*Drain Regen+ Dex+5}
   (You found it in a treasure trove)

   It affects your dexterity (+5).
   It increases your rate of regeneration.
   It causes draining when unequipped.
 K - the +0 cloak "Orheca" (worn) {Rampage rF+ Dex+3}
   (You found it in a treasure trove)

   It affects your dexterity (+3).
   It protects you from fire.
   It bestows one free step when moving towards enemies.
Jewellery
 d - an uncursed ring of stealth {unknown}
 e - an uncursed ring of poison resistance
 o - a ring of willpower (right hand)
 q - an uncursed ring of resist corrosion
 t - a ring of protection from fire (left hand)
 x - an uncursed ring of protection from cold
 G - an amulet of faith (around neck)
 L - the amulet of Eseykaung {Spirit *Corrode Int+2 Slay+6 Stlth+}
   (You found it on level 7 of the Dungeon)

   [amulet of guardian spirit]

   It causes incoming damage to be split between your health and magic.
   It affects your intelligence (+2).
   It affects your accuracy and damage with ranged weapons and melee attacks
   (+6).
   It may corrode you when you take damage.
   It makes you more stealthy.
Wands
 l - a wand of paralysis (7)
 m - a wand of flame (39)
 J - a wand of digging (3)
 Q - a wand of disintegration (9)
Scrolls
 c - 10 scrolls of remove curse
 h - 2 scrolls of vulnerability
 z - 9 scrolls of fog
 Z - 5 scrolls of identify
Potions
 a - 3 potions of ambrosia
 i - 2 potions of curing
 j - 3 potions of magic
 k - a potion of berserk rage
 u - 3 potions of cancellation
 B - a potion of brilliance
 H - 4 potions of flight
 M - 7 potions of lignification
 T - a potion of resistance
 U - a potion of attraction
 V - a potion of haste
 Y - a potion of mutation
Miscellaneous
 N - a tin of tremorstones (1/2)
 P - a lightning rod (4/4)


   Skills:
 + Level 13.4 Fighting
 - Level 6.8(10.2) Short Blades
 + Level 11.7(12.3) Long Blades
 + Level 11.1 Armour
 + Level 11.3 Dodging
 - Level 1.2 Stealth
 + Level 12.9 Unarmed Combat
 + Level 13.6 Invocations
 + Level 11.9 Evocations


You had 17 spell levels left.
You didn't know any spells.
Your spell library contained the following spells:

 Spells                   Type           Power        Failure   Level
 Corona                   Hex            0%           92%         1
 Foxfire                  Conj/Fire      0%           92%         1
 Magic Dart               Conj           0%           92%         1
 Blink                    Tloc           N/A          98%         2
 Corpse Rot               Necr/Air       N/A          98%         2
 Ensorcelled Hibernation  Hex/Ice        0%           98%         2
 Poisonous Vapours        Pois/Air       0%           98%         2
 Searing Ray              Conj           0%           98%         2
 Confusing Touch          Hex            0%           100%        3
 Conjure Flame            Conj/Fire      0%           100%        3
 Dazzling Flash           Conj/Hex       0%           100%        3
 Gell's Gravitas          Tloc           0%           100%        3
 Inner Flame              Hex/Fire       0%           100%        3
 Lesser Beckoning         Tloc           0%           100%        3
 Mephitic Cloud           Conj/Pois/Air  0%           100%        3
 Static Discharge         Conj/Air       0%           100%        3
 Stone Arrow              Conj/Erth      0%           100%        3
 Teleport Other           Tloc           0%           100%        3
 Tukima's Dance           Hex            0%           100%        3
 Cause Fear               Hex            0%           100%        4
 Fulminant Prism          Conj/Hex       0%           100%        4
 Iskenderun's Mystic Bla  Conj/Tloc      0%           100%        4
 Passage of Golubria      Tloc           N/A          100%        4
 Sticky Flame             Conj/Fire      0%           100%        4
 Summon Lightning Spire   Summ/Air       0%           100%        4
 Fireball                 Conj/Fire      0%           100%        5
 Lightning Bolt           Conj/Air       0%           100%        5
 Silence                  Hex/Air        0%           100%        5
 Summon Forest            Summ/Tloc      0%           100%        5
 Yara's Violent Unravell  Hex/Tmut       0%           100%        5
 Conjure Ball Lightning   Conj/Air       0%           100%        6
 Eringya's Noxious Bog    Tmut/Pois      0%           100%        6
 Freezing Cloud           Conj/Ice/Air   0%           100%        6
 Hydra Form               Tmut           0%           100%        6
 Summon Hydra             Summ           0%           100%        7
 Discord                  Hex            0%           100%        8
 Ignition                 Fire           0%           100%        8
 Shatter                  Erth           0%           100%        9
 Tornado                  Air            0%           100%        9


Dungeon Overview and Level Annotations

Branches:
Dungeon (15/15)            Temple (0/1) D:7            Lair (6/6) D:8
  Swamp (2/4) Lair:2        Snake (4/4) Lair:4        Slime (0/5) Lair:5
    Orc (2/2) D:12            Elf (0/3) Orc:2        Vaults (2/5) D:13
 Depths (1/5) D:15         Bailey (visited)           IceCv (visited)
  Crypt: Vaults:2-3

Altars:
Ashenzari
Cheibriados
Fedhas
Gozag
Makhleb
Nemelex Xobeh
Okawaru
Ru
Uskayaw
Wu Jian
The Shining One
Beogh

Shops:
D:12 [   Orc:2 **   Depths:1 =*!

Portals:
Hell: Depths:1

Annotations:
Lair:4 1 runed translucent door, Morgoth's ghost, journeyman TeWr
Lair:5 exclusion: 2 oklob plants
Swamp:1 1 transporter, McSplat's ghost, journeyman DsWz
Swamp:2 Kirke


Innate Abilities, Weirdness & Mutations

You are completely covered in rugged brown scales. (AC +3, +7% HP)
You have supernaturally acute eyesight. (SInv)
Armour fits poorly on your strangely shaped body.
You can roll at nearby foes to attack.
You have a long armoured tail.
You curl defensively after being hit.
You have a pair of small horns on your head.
Your tail ends in a poisonous barb.
Your mind is acute. (Int +2)
You are clumsy. (Dex -2)
You are somewhat resistant to further mutation.
You passively map a small area around you.


Message History

The vault warden hits you with a +2 bardiche of protection!!!
* * * LOW HITPOINT WARNING * * *
Unknown command.
You slash the ironbrand convoker! You freeze the ironbrand convoker.
You kill the ironbrand convoker!
Okawaru accepts your kill. The ogre closely misses you.
You riposte.
You barely miss the ogre.
The ironbrand convoker points at the smoke demon and mumbles some strange words.
The smoke demon seems to grow stronger.
You slash the deep elf demonologist! You freeze the deep elf demonologist.
You tail-slap the deep elf demonologist, but do no damage.
The deep elf demonologist is lightly wounded.
The runic seal fades away.
The vault warden hits you with a +2 bardiche of protection!!
* * * LOW HITPOINT WARNING * * *
The deep elf demonologist casts a spell at you.
You resist with almost no effort. The ogre completely misses you.
The smoke demon gestures at you. Something smites you!
You die...

, * , #.......# * ,#.......#
#......#.......# *
#....).#....<..# + ,
#......#.......# +
#####......+.......#
...........#..)[...#
...........####+############
*
............4CBe@...........
,
............pc3pO...........
,
.(......(.....e.p...........,
..........###'#########.....
..........#... ,,,, *.....
..p########.. .... ... , #.
*, ** ... , .. ,, +. , , ,
... ., , *


You could see a frost giant, a vault warden (strong), a boulder beetle (strong),
a deep elf demonologist, a deep elf archer (repels missiles), 2 ironbrand
convokers, a yaktaur, an ice devil (summoned), a smoke demon (summoned, strong)
and an ogre (strong).

Vanquished Creatures
  Saint Roka (Orc:2)
  7 nagarajas
  A vault warden (Vaults:1)
  Aizul (Snake:3)
  5 ironheart preservers (Vaults:1)
  2 stone giants (Depths:1)
  2 very ugly things (Depths:1)
  Snorg (Lair:3)
  A spark wasp (Depths:1)
  2 ettins
  Josephine (D:13)
  A yaktaur captain (Vaults:1)
  Fannar (Lair:1)
  A great orb of eyes (Vaults:1)
  Erolcha (Orc:1)
  9 vault guards
  20 naga warriors
  3 rakshasas
  3 ice dragons
  11 hydras
  2 boulder beetles
  2 centaur warriors (Vaults:1)
  A death knight (D:13)
  8 anacondas
  Erica (Lair:2)
  4 ogre magi
  9 two-headed ogres
  3 death yaks (Lair:5)
  A tengu warrior (Depths:1)
  A deep troll shaman (Vaults:1)
  A queen ant (Lair:3)
  A deep troll earth mage (Vaults:1)
  4 shock serpents
  Urug (Lair:1)
  An orc high priest (Orc:2)
  16 naga sharpshooters
  A sixfirhy (Orc:2)
  A deep elf knight (Vaults:1)
  A soul eater (Orc:2)
  3 ironbrand convokers
  4 hell knights (Depths:1)
  A salamander mystic (Snake:4)
  A flayed ghost (Vaults:1)
  An unseen horror (D:10)
  2 glowing orange brains
  2 wizards
  A deep elf archer (Vaults:1)
  A swamp dragon (Swamp:1)
  A harpy (shapeshifter) (D:13)
  4 naga ritualists
  3 necromancers (Depths:1)
  Pikel (D:4)
  7 mana vipers
  4 orc sorcerers
  5 cyclopes
  12 ugly things
  4 deep elf magi
  A wolf spider zombie (D:13)
  A wolf spider (D:15)
  8 salamanders
  4 orc knights
  A manticore (D:15)
  12 elephants
  Maurice (D:11)
  3 guardian serpents
  Psyche (D:8)
  17 cane toads
  22 black mambas
  A smoke demon (Orc:2)
  2 ice statues (IceCv)
  22 naga magi
  An orange demon (Orc:2)
  Maggie (D:10)
  5 centaur skeletons
  A vault sentinel (Vaults:1)
  A guardian serpent (shapeshifter) (Vaults:1)
  7 rime drakes
  A rime drake (shapeshifter) (D:15)
  A kobold demonologist (D:13)
  A freezing wraith (Vaults:1)
  A hellwing (Orc:2)
  An ice devil (Orc:2)
  14 komodo dragons
  9 yaktaurs (Vaults:1)
  6 meliai (D:14)
  A polar bear (shapeshifter) (D:14)
  4 trolls
  A troll (shapeshifter) (D:13)
  3 tyrant leeches
  A hornet (Vaults:1)
  A polar bear (Lair:5)
  36 blink frogs
  A slime creature (shapeshifter) (D:15)
  13 slime creatures
  A human simulacrum (Vaults:1)
  A shadow (D:15)
  A ynoxinul (Orc:2)
  4 spriggans (Lair:1)
  8 wraiths
  2 wyverns
  57 yaks
  3 hogs (Swamp:2)
  A human (shapeshifter) (D:13)
  A basilisk (Lair:4)
  A neqoxec (Orc:2)
  A steam dragon (D:8)
  Menkaure (D:7)
  14 vampire mosquitoes
  14 two-headed ogre zombies (Orc:1)
  3 wargs
  33 nagas
  3 swamp worms
  18 water moccasins
  2 acid dragons
  4 soldier ants (Lair:3)
  A floating eye (shapeshifter) (Vaults:1)
  A swamp drake (Swamp:2)
  4 phantoms
  38 orc warriors
  A sky beast (D:12)
  3 black bears
  19 ice beasts
  5 necrophages
  A black bear (shapeshifter) (Depths:1)
  A boggart (D:13)
  23 ogres
  12 centaurs
  An eye of draining (D:12)
  11 wolves
  4 big kobolds
  A wyvern zombie (D:8)
  26 bullfrogs
  5 scorpions
  29 killer bees
  16 wights
  4 howler monkeys
  2 bullfrog zombies
  4 centaur zombies
  2 gnoll shamans
  7 hounds
  2 quasits
  4 bullfrog skeletons
  33 orc priests
  5 jellies
  24 orc wizards
  5 iguanas
  21 worker ants
  5 hell rats (Lair:4)
  A hound zombie (D:6)
  A worker ant zombie (D:10)
  A howler monkey zombie (D:7)
  16 gnolls
  13 adders
  A shadow imp (D:6)
  3 white imps (D:7)
  2 ufetubi
  3 oozes
  An adder skeleton (D:5)
  An adder zombie (D:5)
  2 dart slugs (D:1)
  7 leopard geckos
  90 orcs
  10 giant cockroaches
  13 goblins
  9 hobgoblins
  5 jackals
  9 quokkas
  3 ball pythons
  5 bats
  6 frilled lizards
  22 kobolds
  2 leopard gecko skeletons
  2 quokka skeletons
  A quokka zombie (D:7)
  4 rats
1123 creatures vanquished.

Vanquished Creatures (collateral kills)
  A wizard (Depths:1)
  2 black mambas (Snake:2)
3 creatures vanquished.

Vanquished Creatures (others)
  Nikola (Swamp:2)
  An ironheart preserver (Vaults:1)
  A very ugly thing (Depths:1)
  A naga warrior (Snake:2)
  A naga sharpshooter (Snake:4)
  A black mamba (Snake:2)
  An ogre (Depths:1)
  2 nagas
  An orc (Vaults:1)
  58 fungi
  196 plants
264 creatures vanquished.

Grand Total: 1390 creatures vanquished

Notes
Turn   | Place    | Note
-------+----------+-------------------------------------------
     0 | D:1      | runemasterragnar the Palentonga Monk began the quest for
                  | the Orb.
     0 | D:1      | Reached XP level 1. HP: 20/20 MP: 1/1
   133 | D:1      | Reached XP level 2. HP: 9/27 MP: 2/2
   827 | D:1      | Reached skill level 1 in Unarmed Combat
   942 | D:1      | Reached XP level 3. HP: 33/33 MP: 3/3
  1470 | D:2      | Reached skill level 1 in Armour
  1764 | D:2      | Reached XP level 4. HP: 35/40 MP: 4/4
  2430 | D:3      | Found a blossoming altar of Fedhas.
  3129 | D:3      | Found a snail-covered altar of Cheibriados.
  3216 | D:3      | Reached XP level 5. HP: 48/49 MP: 5/5
  3497 | D:4      | Noticed a lemure
  3498 | D:4      | Noticed Pikel
  3498 | D:4      | Noticed a lemure
  3498 | D:4      | Noticed a lemure
  3499 | D:4      | Noticed a lemure
  4159 | D:4      | Killed Pikel
  4160 | D:4      | Reached skill level 1 in Evocations
  4160 | D:4      | Reached XP level 6. HP: 30/56 MP: 6/6
  4160 | D:4      | Gained mutation: You curl defensively after being hit.
                  | [Palentonga growth]
  4160 | D:4      | Reached XP level 7. HP: 34/64 MP: 7/7
  5055 | D:5      | Entered Level 5 of the Dungeon
  5370 | D:5      | Found an iron altar of Okawaru.
  5407 | D:5      | Became a worshipper of Warmaster Okawaru
  5407 | D:5      | Reached * piety under Okawaru
  5407 | D:5      | Reached ** piety under Okawaru
  5614 | D:5      | Found a glowing golden altar of the Shining One.
  5838 | D:5      | Reached skill level 1 in Invocations
  5877 | D:5      | Reached XP level 8. HP: 71/71 MP: 8/8
  5914 | D:5      | Gained mutation: You have a pair of small antennae on your
                  | head. [potion of mutation]
  5914 | D:5      | Gained mutation: You expend magic power (3 MP) to
                  | strengthen your wands. [potion of mutation]
  5915 | D:5      | Gained mutation: You are clumsy. (Dex -2) [potion of
                  | mutation]
  5915 | D:5      | Gained mutation: You passively map a small area around you.
                  | [potion of mutation]
  6285 | D:6      | Reached skill level 5 in Fighting
  6309 | D:6      | Reached skill level 5 in Long Blades
  6679 | D:6      | Reached *** piety under Okawaru
  7002 | D:6      | Found a broken altar of Ashenzari.
  7006 | D:6      | Saw a vision of the Swamp and the Snake Pit.
  7006 | D:6      | Noticed a naga mage
  7006 | D:6      | Noticed a naga sharpshooter
  7006 | D:6      | Noticed a black mamba
  7006 | D:6      | Noticed an anaconda
  7006 | D:6      | Noticed a salamander
  7006 | D:6      | Noticed a black mamba
  7007 | D:6      | Noticed a naga mage
  7244 | D:6      | Reached XP level 9. HP: 73/80 MP: 11/11
  7489 | D:7      | Found a flagged portal.
  7511 | D:7      | Found an opulent altar of Gozag.
  7515 | Bailey   | Entered a bailey
  7549 | Bailey   | Noticed an orc knight
  7637 | D:7      | Found a burning altar of Makhleb.
  7650 | D:7      | You fall into a shaft and drop 1 floor!
  7662 | D:8      | Reached **** piety under Okawaru
  7711 | D:8      | Reached skill level 5 in Dodging
  7711 | D:8      | Reached skill level 5 in Unarmed Combat
  7729 | D:8      | Got a smoking hand axe
  7738 | D:8      | Identified the +8 hand axe of Dishonesty {vorpal, *Slow
                  | rPois rN+ Stlth+} (You found it on level 8 of the Dungeon)
  8451 | D:8      | Noticed Psyche
  8458 | D:8      | Killed Psyche
  8458 | D:8      | Reached ***** piety under Okawaru
  8603 | D:8      | Found a hide-covered altar of Uskayaw.
  8613 | D:8      | Found a sparkling altar of Nemelex Xobeh.
  8687 | D:8      | Found a staircase to the Lair.
  9066 | D:7      | Reached XP level 10. HP: 45/89 MP: 13/13
  9293 | D:7      | Found a staircase to the Ecumenical Temple.
  9392 | D:7      | Noticed a purple ugly thing
  9409 | D:7      | Killed a purple ugly thing
  9435 | D:7      | Got a steaming rapier
  9436 | D:7      | Identified the +6 rapier of Peril {freeze, +Inv rElec} (You
                  | found it on level 7 of the Dungeon)
  9438 | D:7      | Got a fine hand crossbow
  9441 | D:7      | Got a faintly glowing pewter amulet
  9443 | D:7      | Got an ancient scale mail
  9480 | D:7      | Identified the cursed +0 scale mail "Lesessarph" {rElec
                  | Will+ Int+4 Dex-5} (You found it on level 7 of the Dungeon)
  9572 | D:7      | Reached skill level 5 in Invocations
 10094 | D:7      | Noticed Menkaure
 10103 | D:7      | Killed Menkaure
 10104 | D:7      | Reached skill level 5 in Armour
 10472 | D:9      | Reached skill level 5 in Evocations
 10479 | D:9      | Received a gift from Okawaru
 11725 | D:9      | Identified the amulet of Eseykaung {Spirit *Corrode Int+2
                  | Slay+6 Stlth+} (You found it on level 7 of the Dungeon)
 11765 | D:10     | Entered Level 10 of the Dungeon
 11770 | D:10     | Noticed Maggie
 11788 | D:10     | Killed Maggie
 12252 | D:10     | Reached XP level 11. HP: 90/97 MP: 15/15
 12438 | D:10     | Noticed an unseen horror
 12445 | D:10     | Killed an unseen horror
 12446 | D:10     | Reached skill level 1 in Short Blades
 13119 | D:11     | Noticed Maurice
 13155 | D:11     | Killed Maurice
 13234 | D:11     | Noticed a two-headed ogre
 13240 | D:11     | Killed a two-headed ogre
 13294 | D:11     | Received a gift from Okawaru
 13554 | D:11     | Lost mutation: You have a pair of small antennae on your
                  | head. [potion of mutation]
 13554 | D:11     | Lost mutation: You expend magic power (3 MP) to strengthen
                  | your wands. [potion of mutation]
 13554 | D:11     | Gained mutation: Your tail ends in a poisonous barb.
                  | [potion of mutation]
 13554 | D:11     | Gained mutation: Your mind is acute. (Int +2) [potion of
                  | mutation]
 13554 | D:11     | Gained mutation: You are somewhat resistant to further
                  | mutation. [potion of mutation]
 13581 | D:11     | Noticed a boulder beetle
 13851 | D:11     | Killed a boulder beetle
 13851 | D:11     | Received a gift from Okawaru
 13892 | D:11     | Noticed a two-headed ogre
 13898 | D:11     | Killed a two-headed ogre
 13911 | D:11     | Received a gift from Okawaru
 13923 | D:11     | Got a dazzling chain mail {god gift}
 14176 | D:11     | Noticed a cyan ugly thing
 14190 | D:11     | Killed a cyan ugly thing
 14811 | D:12     | Found Noos's Armour Emporium.
 14811 | D:12     | Found a staircase to the Orcish Mines.
 14862 | D:12     | Reached XP level 12. HP: 25/110 MP: 7/17
 16478 | D:13     | Noticed a two-headed ogre
 16485 | D:13     | Killed a two-headed ogre
 16827 | D:13     | Found a gate to the Vaults.
 16827 | D:13     | Noticed a vault guard
 16827 | D:13     | Noticed a vault guard
 16827 | D:13     | Noticed a vault guard
 16827 | D:13     | Noticed a vault guard
 16908 | Orc:1    | Entered Level 1 of the Orcish Mines
 17063 | Orc:1    | Found a roughly hewn altar of Beogh.
 17486 | Orc:2    | Entered Level 2 of the Orcish Mines
 17982 | Orc:2    | Reached skill level 5 in Short Blades
 18481 | Orc:2    | Found a staircase to the Elven Halls.
 18495 | Orc:2    | Noticed Saint Roka
 18717 | Lair:1   | Entered Level 1 of the Lair of Beasts
 18724 | Lair:1   | Reached ****** piety under Okawaru
 18807 | Lair:1   | Noticed a four-headed hydra
 18821 | Lair:1   | Killed a four-headed hydra
 18827 | Lair:1   | Found a frozen archway.
 18837 | IceCv    | Entered an ice cave
 18942 | IceCv    | Received a gift from Okawaru
 18943 | IceCv    | Reached XP level 13. HP: 86/118 MP: 16/19
 18945 | IceCv    | Got smouldering steam dragon scales {god gift}
 18956 | IceCv    | Identified the +0 steam dragon scales "Niyrr" {rCorr Dex+7}
                  | (Okawaru gifted it to you in an ice cave)
 19922 | Lair:1   | Noticed Urug
 19936 | Lair:1   | Killed Urug
 20084 | Lair:1   | Noticed Fannar
 20102 | Lair:1   | Killed Fannar
 21731 | D:13     | Noticed Josephine
 21743 | D:13     | Killed Josephine
 21761 | D:13     | Reached skill level 10 in Fighting
 22449 | D:14     | Received a gift from Okawaru
 22480 | D:14     | Found a sacrificial altar of Ru.
 22842 | D:14     | Found a portal to a secret trove of treasure.
 23229 | D:14     | Identified the +0 chain mail "Beyly" {rPois Int-4 Dex+3
                  | Stlth+} (Okawaru gifted it to you on level 11 of the
                  | Dungeon)
 23235 | Trove    | Entered a treasure trove
 23265 | Trove    | Got a twisted barding
 23277 | Trove    | Identified the +4 barding "Gynim" {*Drain Regen+ Dex+5}
                  | (You found it in a treasure trove)
 23278 | Trove    | Got a slimy cloak
 23289 | Trove    | Identified the +0 cloak "Orheca" {Rampage rF+ Dex+3} (You
                  | found it in a treasure trove)
 23311 | Trove    | Got a spiked helmet
 23322 | Trove    | Identified the +1 helmet of Adol {*Corrode rElec rN+} (You
                  | found it in a treasure trove)
 23346 | Trove    | Got an ichor-stained plate armour
 23349 | Trove    | Got a steaming chain mail
 23407 | Trove    | Identified the cursed +1 plate armour "Dowemn" {rCorr
                  | Stlth+} (You found it in a treasure trove)
 23438 | Trove    | Identified the +5 chain mail of Space {Rampage Regen+ rCorr
                  | SInv} (You found it in a treasure trove)
 23793 | D:15     | Entered Level 15 of the Dungeon
 24217 | Lair:2   | Noticed Erica
 24232 | Lair:2   | Killed Erica
 24233 | Lair:2   | Reached XP level 14. HP: 129/129 MP: 21/21
 24601 | Lair:2   | Found a staircase to the Swamp.
 25128 | Lair:3   | Noticed Snorg
 25151 | Lair:3   | Killed Snorg
 25265 | Lair:3   | Reached skill level 10 in Invocations
 26338 | Lair:4   | Reached skill level 10 in Unarmed Combat
 26543 | Lair:4   | Found a staircase to the Snake Pit.
 26876 | Lair:4   | Found a runed translucent door.
 26877 | Lair:4   | Identified the cursed +2 trident of the Twelve Heavens
                  | {drain, +Fly Dex+2}
 26879 | Lair:4   | Noticed Morgoth's ghost (journeyman TeWr)
 27205 | Lair:5   | Received a gift from Okawaru
 27624 | Lair:5   | Reached XP level 15. HP: 122/138 MP: 23/23
 27631 | Lair:5   | Received a gift from Okawaru
 27959 | Lair:5   | Found a staircase to the Slime Pits.
 28244 | Lair:6   | Entered Level 6 of the Lair of Beasts
 28284 | Lair:6   | Received a gift from Okawaru
 29575 | Orc:2    | Found Zoass's General Store.
 29601 | Orc:2    | Found Bereafip's General Store.
 29618 | Orc:2    | Received a gift from Okawaru
 29627 | Orc:2    | Gained mutation: You are weak. (Str -2) [a neqoxec]
 30062 | Orc:1    | Noticed Erolcha
 30073 | Orc:1    | Killed Erolcha
 30701 | Orc:2    | Killed Saint Roka
 30702 | Orc:2    | Reached skill level 10 in Evocations
 30774 | Orc:2    | Got a pitted falchion {god gift}
 30837 | D:13     | Received a gift from Okawaru
 30842 | D:13     | Got an ancient hand axe {god gift}
 31689 | D:15     | Found a staircase to the Depths.
 31914 | Depths:1 | Entered Level 1 of the Depths
 31919 | Depths:1 | Found a burning altar of Makhleb.
 31988 | Depths:1 | Received a gift from Okawaru
 31989 | Depths:1 | Reached XP level 16. HP: 65/148 MP: 24/24
 32311 | Depths:1 | Found Fifim's Assorted Antiques.
 32356 | Depths:1 | Reached skill level 10 in Dodging
 32650 | Depths:1 | Found Ucihex's Jewellery Shoppe.
 32718 | Depths:1 | Found Cuvusoco's Distillery.
 33394 | Swamp:1  | Entered Level 1 of the Swamp
 33394 | Swamp:1  | Noticed McSplat's ghost (journeyman DsWz)
 33397 | Swamp:1  | Found a transporter.
 33520 | Swamp:2  | Noticed Nikola
 33548 | Swamp:2  | Killed Nikola
 33592 | Swamp:2  | Noticed Kirke
 33921 | Snake:1  | Entered Level 1 of the Snake Pit
 33931 | Snake:1  | Reached skill level 10 in Long Blades
 34055 | Snake:1  | Reached skill level 10 in Armour
 34318 | Snake:1  | Received a gift from Okawaru
 35024 | Snake:2  | Received a gift from Okawaru
 35753 | Snake:2  | Found an ornate altar of the Wu Jian Council.
 37416 | Snake:3  | Reached XP level 17. HP: 72/158 MP: 26/26
 37713 | Snake:3  | Received a gift from Okawaru
 37721 | Snake:3  | Got a smoking quick blade {god gift}
 38740 | Snake:3  | Noticed Aizul
 38768 | Snake:3  | Killed Aizul
 38969 | Snake:4  | Entered Level 4 of the Snake Pit
 40142 | Snake:4  | Received a gift from Okawaru
 41900 | Snake:4  | Got a serpentine rune of Zot
 42061 | Lair:4   | Upgraded the game from 0.26-a0-1184-g95e395e029 to
                  | 0.26-a0-1191-ge2a0e31ab3
 42086 | Lair:4   | Identified the +7 quick blade "Zyaliqud" {pain, Dex+4}
                  | (Okawaru gifted it to you on level 3 of the Snake Pit)
 42087 | Lair:4   | Identified the +2 falchion "Ygucob" {venom, *Slow rElec
                  | rPois} (Okawaru gifted it to you on level 2 of the Orcish
                  | Mines)
 42088 | Lair:4   | Identified the +3 hand axe of Courage {vorpal, *Contam
                  | Str+5 Int-2} (Okawaru gifted it to you on level 13 of the
                  | Dungeon)
 42089 | Lair:4   | Gained mutation: You are occasionally teleported next to
                  | monsters. [mutagenic glow]
 42090 | Lair:4   | Lost mutation: You are occasionally teleported next to
                  | monsters. [potion of mutation]
 42090 | Lair:4   | Lost mutation: You are weak. (Str -2) [potion of mutation]
 42090 | Lair:4   | Gained mutation: You have a pair of small horns on your
                  | head. [potion of mutation]
 42475 | Vaults:1 | Entered Level 1 of the Vaults
 42794 | Depths:1 | Received a gift from Okawaru
 42834 | Depths:1 | Received a gift from Okawaru
 42842 | Depths:1 | Found a gateway to Hell.
 42912 | Depths:1 | HP: 4/159 [spark wasp/living lightning (24)]
 43369 | Vaults:1 | Reached XP level 18. HP: 90/167 MP: 28/28
 44483 | Vaults:1 | Received a gift from Okawaru
 44677 | Vaults:2 | HP: 2/169 [vault warden/+2 bardiche of protection (32)]
 44677 | Vaults:2 | Killed from afar by a smoke demon

Illustrated notes

Levels and vault maps discovered:
D:1:      heliophobic_arrival_enchanted_forest, layout_basic
D:2:      layout_loops_ring
D:3:      layout_loops_ring, nicolae_overflow_crystal_walls, lemuel_round_altar,
          chequers_serial_rivers_small_a, corexii_leaking_fountain
D:4:      layout_layer_cave, uniq_pikel
D:5:      layout_loops_ring, tso_metal_star, okawaru_ov_weapons_minmay,
          minmay_misc_feat_diagonals, fountainhead, minivault_14
D:6:      layout_cave_pools, kennysheep_minor_cross, fountainhead,
          grunt_ashenzari_visionary [grunt_ashenzari_visionary_swamp,
          grunt_ashenzari_visionary_snake]
D:7:      minmay_the_grid_octo_2x2 [minmay_the_grid_octo_toaster,
          minmay_the_grid_octo_fan_narrow, minmay_the_grid_octo_thin_diamonds,
          minmay_the_grid_octo_prize_ultimate_mussel_roller], layout_gridville,
          chequers_temple_overflow_statue_of_worship, minmay_temple_entry_hall,
          enter_bailey_2, serial_bayou_ford_a, hangedman_decor_push,
          uniq_menkaure
D:8:      layout_basic, amethyst_overflow_temple_binary,
          grunt_lair_entry_orc_guard_hut, uniq_psyche
D:9:      layout_stronghold
D:10:     layout_basic, uniq_maggie
D:11:     layout_loops_ring, grunt_ministairs_12, minmay_misc_feat_ornament,
          uniq_maurice
D:12:     layout_roguey, orc_david_3
D:13:     layout_roguey, erik_vaults_2, uniq_josephine
D:14:     layout_roguey, hangedman_glass_teeth, enter_trove_5,
          nicolae_ru_path_of_blood
D:15:     hangedman_depths_entry_try_elsewhere_first, layout_stronghold,
          minmay_misc_feat_pillars
Lair:1:   kb_forest_paths, layout_chaotic_city, serial_forest,
          infiniplex_forest_zigzag_2, infiniplex_forest_clump_C,
          infiniplex_forest_end_2, infiniplex_forest_straight_4,
          infiniplex_forest_lined_corner, infiniplex_forest_3_way,
          infiniplex_forest_clump_medium, infiniplex_forest_clump_long,
          portal_ice_cave_entry_pillars_1, st_stairs_10, ldierk_geyser,
          uniq_urug, uniq_fannar
Lair:2:   layout_regular_city, minmay_swamp_entry_worms, lemuel_fruit_fields,
          uniq_erica
Lair:3:   layout_gridlike, minmay_another_anthill, grunt_megastairs_3,
          uniq_snorg
Lair:4:   layout_regular_city, guppyfry_snake_entry_island,
          ebering_ghost_funeral_grove, hangedman_lair_unloving_vines,
          nicolae_quartered_pool_little
Lair:5:   layout_gridlike, minmay_slime_entry_oklob_open, roderic_carrion_pond
Lair:6:   minmay_lair_end_frog_pond, layout_long_grid
Swamp:1:  gammafunk_mikee_crab_dinner, layout_falls_marsh,
          gammafunk_ghost_arena, serial_swamp_ruin, evilmike_swamp_ruin_house_2,
          evilmike_swamp_ruin_house_3, swamp_pool5, grunt_hermit_hut
Swamp:2:  layout_falls_marsh, evilmike_swamp_ruin_house_4, uniq_kirke,
          uniq_nikola
Snake:1:  layout_onion, serial_bayou_pond_d
Snake:2:  layout_cave_pods, basic_altar, st_stairs_5, serial_bayou_pond_d
Snake:3:  layout_honeycomb, fake_guardian_serpent_vault, uniq_aizul
Snake:4:  snake_pit, layout_basic
Orc:1:    lemuel_ogre_cave, layout_diamond_mine, mines1_david
Orc:2:    pf_orc_diabolical, layout_caves, uniq_saint_roka
Vaults:1: v_rooms_2, v_misc_28, hangedman_vaults_variations,
          vaults_room_semicircle, v_alt_pattern_5, hangedman_vaults_slice,
          nicolae_vaults_little_squares_1, ontoclasm_vaults_misaligned,
          hangedman_vaults_stream, vaults_room_glass_cross,
          vaults_dpeg_diagonal, layout_vaults_omnibox
Vaults:2: minmay_crypt_entry_simple_round, nicolae_vaults_little_squares_5,
          vaults_standard_mumra_x, ontoclasm_vaults_pinch,
          nicolae_vaults_border_crossing, grunt_vaults_hallway_long,
          v_pattern_1, hangedman_vaults_restitches, grunt_vaults_funnel,
          layout_vaults_omnicross
Depths:1: layout_big_octagon, kennysheep_flooded_box, serial_shops, shop, shop,
          shop, grunt_metal_band, chequers_serial_rivers_micro_b,
          minmay_misc_feat_rugged, nzn_random_ring

Skill      XL: |  1  2  3  4  5  6  7  8  9 10 11 12 13 14 15 16 17 |
---------------+----------------------------------------------------+-----
Unarmed Combat | 1 2 3 4 5 6 7 8 9 10 11 12 | 12.9
Armour         | 1 2 3 4 5 6 7 8 9 10 11 | 11.1
Dodging        | 3 4 5 6 7 8 9 10 11 | 11.3
Fighting       | 4 5 6 7 8 9 10 11 12 13 | 13.4
Long Blades    | 4 5 6 7 8 9 10 11 | 11.7
Evocations     | 1 2 3 4 5 6 7 8 9 10 11 | 11.9
Invocations    | 1 3 4 5 7 8 9 10 11 12 13 | 13.6
Short Blades   | 3 5 6 |  6.8
Stealth        | |  1.2

Action                   |  1- 3 |  4- 6 |  7- 9 | 10-12 | 13-15 | 16-18 || total
-------------------------+-------+-------+-------+-------+-------+-------++-------
Melee: Falchion          |   125 |   129 |   347 |       |       |       ||   601
       Tailslap          |    12 |    19 |    59 |   109 |   373 |   291 ||   863
       Punch             |       |       |     6 |    19 |    48 |       ||    73
       Long sword        |       |       |    10 |    44 |       |       ||    54
       Rapier            |       |       |       |   738 |   392 |       ||  1130
       Scimitar          |       |       |       |       |   321 |       ||   321
       Great sword       |       |       |       |       |   807 |  1266 ||  2073
       Headbutt          |       |       |       |       |       |    98 ||    98
 Fire: Shortbow          |       |       |     7 |       |       |       ||     7
Throw: Boomerang         |       |       |    31 |     3 |     3 |       ||    37
       Dart              |       |       |    15 |     4 |       |     5 ||    24
       Javelin           |       |       |       |     3 |       |       ||     3
Invok: Heroism           |       |       |       |       |     2 |     2 ||     4
       Finesse           |       |       |       |       |     2 |     2 ||     4
 Abil: Rolling Charge    |     8 |       |     5 |       |       |     1 ||    14
Evoke: Wand              |       |     4 |    14 |    21 |    35 |    54 ||   128
       Lightning rod     |       |       |       |     6 |    16 |    18 ||    40
       Tin of tremorston |       |       |       |     2 |     8 |     9 ||    19
  Use: Potion            |       |     4 |     2 |     1 |     7 |    16 ||    30
       Scroll            |       |     3 |     5 |    12 |    27 |    17 ||    64
 Stab: Paralysed         |       |       |    16 |     8 |     3 |     7 ||    34
       Sleeping          |       |       |       |     4 |     7 |       ||    11
       Distracted        |       |       |       |       |     1 |       ||     1
       Invisible         |       |       |       |       |     6 |       ||     6
Armor: Robe              |    15 |       |       |       |       |       ||    15
       Ring mail         |    25 |    60 |   272 |   386 |       |       ||   743
       Steam dragon scal |       |       |       |       |   115 |       ||   115
       Chain mail        |       |       |       |       |  1231 |  1124 ||  2355
Dodge: Dodged            |    67 |    70 |   284 |   375 |   768 |   619 ||  2183
       Rpst.: Falchion   |    18 |    24 |    67 |       |       |       ||   109
       Long sword        |       |       |     2 |     7 |       |       ||     9
       Scimitar          |       |       |       |       |    48 |       ||    48
       Great sword       |       |       |       |       |   108 |   124 ||   232

Table legend: (Time is in decaauts)
 A = Elapsed time spent in this place.
 B = Non-inter-level travel time spent in this place.
 C = Inter-level travel time spent in this place.
 D = Time resting spent in this place.
 E = Time spent auto-exploring this place.
 F = Levels seen in this place.
 G = Mean time per level.
                   A        B        C        D        E       F      G
               +--------+--------+--------+--------+--------+-----+--------+
         Total |  44941 |  41701 |   3240 |   6951 |  24981 |  35 | 1284.0 |
       Dungeon |  21916 |  19684 |   2232 |   1936 |  14590 |  15 | 1461.1 |
          Lair |   6530 |   5965 |    565 |    191 |   3871 |   6 | 1088.3 |
         Swamp |    495 |    495 |      0 |    236 |    143 |   2 |  247.5 |
     Snake Pit |   8351 |   8029 |    322 |   2967 |   3148 |   4 | 2087.8 |
  Orcish Mines |   3108 |   3038 |     70 |    439 |   1521 |   2 | 1554.0 |
        Vaults |   1788 |   1788 |      0 |    563 |    649 |   2 |  894.0 |
        Depths |   1473 |   1424 |     49 |    619 |    453 |   1 | 1473.0 |
         Trove |    254 |    254 |      0 |      0 |      2 |   1 |  254.0 |
        Bailey |    119 |    119 |      0 |      0 |     32 |   1 |  119.0 |
      Ice Cave |    904 |    904 |      0 |      0 |    571 |   1 |  904.0 |
               +--------+--------+--------+--------+--------+-----+--------+

Top non-repeatable levels by time:
 Snake:4: 3051 daAuts
    D:13: 2145 daAuts
    D:11: 2100 daAuts
 Snake:3: 1886 daAuts
 Snake:2: 1880 daAuts
     D:8: 1714 daAuts
     D:4: 1633 daAuts
Vaults:1: 1631 daAuts
   Orc:2: 1596 daAuts
 Snake:1: 1532 daAuts
     D:9: 1531 daAuts
   Orc:1: 1512 daAuts
     D:7: 1477 daAuts
Depths:1: 1473 daAuts
    D:14: 1470 daAuts
